[Event "Titled Tuesday Blitz February 28 Early 2023"]
[White "Makarian, Rudik"]
[Black "Molina, Roberto Junio Brito"]
[WhiteFideId "44105681"]
[BlackFideId "2109450"]
[WhiteElo "2419"]
[BlackElo "2376"]
[Result "1-0"]
[Round "10"]
[TimeControl "180+2"]
[Date "2023.02.28"]
[WhiteClock "0:00:07"]
[BlackClock "0:00:02"]

1. d4 d5 2. c4 c6 3. Nf3 Nf6 4. Nc3 dxc4 5. a4 Bf5 6. Ne5 Nbd7 7. Nxc4 Nb6 8. Ne3 Bg6 9. a5 Nbd5 10. a6 b6 11. Nexd5 Nxd5 12. g3 e6 13. Bg2 Rc8 14. O-O Be7 15. e4 Nxc3 16. bxc3 O-O 17. Qe2 b5 18. h4 h6 19. h5 Bh7 20. Rd1 Qd7 21. Be3 Rfd8 22. c4 Bf6 23. e5 Be7 24. d5 cxd5 25. cxd5 exd5 26. Rxd5 Qc7 27. Rxb5 Bd3 28. Qb2 Bxb5 29. Qxb5 Bg5 30. Bxg5 hxg5 31. e6 fxe6 32. Qxg5 Qc5 33. Qg6 Qe5 34. Rb1 Rd2 35. Be4 Kf8 36. Rb3 Rcd8 37. Rf3+ Ke7 38. Qf7+ Kd6 39. Rf4 Rd1+ 40. Kg2 Rd7 41. Qf8+ Kc7 42. Qa8 Qc5 43. Rf8 Kd6 44. Qb8+ Qc7 45. Qb4+ Qc5 46. Qb2 Rd4 47. Bf3 Qc4 48. Rc8 Qd3 49. Rc6+ Ke7 50. Qb8 1-0


[Site "https://www.chess.com"]

[Event "Titled Tuesday Blitz February 28 Early 2023"]
[White "Moroni, Luca Jr"]
[Black "Yilmaz, Mustafa"]
[WhiteFideId "865834"]
[BlackFideId "6302718"]
[WhiteElo "2569"]
[BlackElo "2523"]
[Result "1-0"]
[Round "10"]
[TimeControl "180+2"]
[Date "2023.02.28"]
[WhiteClock "0:00:07"]
[BlackClock "0:00:01"]

1. d4 Nf6 2. Bf4 d6 3. e3 Nbd7 4. h3 g6 5. Nf3 Bg7 6. c4 O-O 7. Nc3 b6 8. Be2 Bb7 9. O-O Ne4 10. Nxe4 Bxe4 11. Nd2 Bb7 12. Bf3 Qc8 13. Rc1 c5 14. Ne4 Nf6 15. Nxf6+ Bxf6 16. Bxb7 Qxb7 17. Qd3 Rfc8 18. b3 a6 19. d5 b5 20. e4 Rcb8 21. Rfe1 bxc4 22. Rxc4 Rd8 23. Rd1 Bd4 24. Be3 Be5 25. Bd2 Qd7 26. Bc3 Bxc3 27. Qxc3 e5 28. dxe6 Qxe6 29. Rd5 a5 30. Qd3 Qe7 31. Rc1 a4 32. Rd1 axb3 33. axb3 Rab8 34. e5 Qb7 35. exd6 Qxb3 36. Rxc5 Qxd3 37. Rxd3 Rb6 38. Rcd5 Rd7 39. g4 f6 40. f4 Rb2 41. Rd2 Rb3 42. Kg2 Kf7 43. f5 gxf5 44. gxf5 h5 45. R2d4 Ra3 46. Re4 Ra6 47. Re6 Ra3 48. Rd4 Ra5 49. Rf4 Rxf5 50. Rxf5 Kxe6 51. Rxh5 Rxd6 52. Kg3 Rd3+ 53. Kf4 Rd4+ 54. Ke3 Ra4 55. Rh8 Kf5 56. h4 Ra3+ 57. Kf2 Kf4 58. h5 Ra2+ 59. Kg1 f5 60. h6 Ra6 61. h7 Rh6 62. Kg2 Rh5 63. Kf2 Rh2+ 64. Kg1 Rh4 65. Kf2 Rh6 66. Kg2 Rg6+ 67. Kh3 Kf3 68. Kh4 Rg7 69. Kh5 1-0


[Site "https://www.chess.com"]

[Event "Titled Tuesday Blitz February 28 Early 2023"]
[White "Grigoriants, Sergey"]
[Black "Kilic, Eray"]
[WhiteFideId "4130804"]
[BlackFideId "44517173"]
[WhiteElo "2502"]
[BlackElo "2328"]
[Result "1-0"]
[Round "10"]
[TimeControl "180+2"]
[Date "2023.02.28"]
[WhiteClock "0:00:10"]
[BlackClock "0:00:18"]

1. d4 Nf6 2. c4 g6 3. f3 d6 4. e4 Bg7 5. Nc3 a6 6. Be3 O-O 7. Qd2 Nbd7 8. Nh3 c6 9. Nf2 b5 10. Rc1 Rb8 11. a3 Nb6 12. b3 Nfd7 13. Be2 bxc4 14. bxc4 c5 15. d5 Ne5 16. Ncd1 h5 17. h3 Na4 18. O-O Nb2 19. f4 Nxd1 20. Rfxd1 Nd7 21. Rb1 Nb6 22. Qd3 Bd7 23. f5 Na4 24. Rxb8 Qxb8 25. Rb1 Qc7 26. Rb3 Rb8 27. fxg6 fxg6 28. e5 Bf5 29. Qd1 Nb2 30. Rxb2 Rxb2 31. Bd3 Qc8 32. e6 Qf8 33. Ne4 Bh6 34. Bxh6 Qxh6 35. Qf3 Rb3 36. Nf2 Qc1+ 37. Kh2 Qe1 38. Qg3 Kh7 39. Qh4 Qe5+ 40. g3 Bxd3 41. Qxe7+ Qg7 42. Qxd6 Bf5 43. Qf4 Rb2 44. g4 hxg4 45. hxg4 Qh6+ 46. Qxh6+ Kxh6 47. gxf5 Rxf2+ 48. Kg3 Rxf5 49. e7 Re5 50. d6 Kg7 51. d7 Rxe7 52. d8=Q Rf7 53. Qd6 Rf5 54. Qxa6 Kh6 55. Qb7 Kh5 56. a4 Rg5+ 57. Kf3 Rg4 58. Qh7+ Kg5 59. Qe7+ Kh5 60. Qxc5+ Rg5 61. Qc8 Rf5+ 62. Ke4 Kg5 63. a5 Rf4+ 64. Kd5 Rf5+ 65. Qxf5+ gxf5 66. a6 f4 67. a7 f3 68. a8=Q Kf4 69. Qf8+ Kg3 70. c5 f2 71. c6 Kh2 72. Qxf2+ Kh1 73. Qf5 1-0


[Site "https://www.chess.com"]

[Event "Titled Tuesday Blitz February 28 Early 2023"]
[White "Subelj, Jan"]
[Black "Bruzon Batista, Lazaro"]
[WhiteFideId "14618583"]
[BlackFideId "3503739"]
[WhiteElo "2480"]
[BlackElo "2709"]
[Result "0-1"]
[Round "10"]
[TimeControl "180+2"]
[Date "2023.02.28"]
[WhiteClock "0:01:14"]
[BlackClock "0:01:08"]

1. d4 Nf6 2. Nf3 e6 3. Bf4 b6 4. e3 c5 5. Be2 cxd4 6. exd4 Be7 7. O-O O-O 8. Nbd2 Ba6 9. Bxa6 Nxa6 10. c3 Qc8 11. a4 Qb7 12. Nc4 Nc7 13. Bd6 Bxd6 14. Nxd6 Qc6 15. Nb5 Nxb5 16. axb5 Qxb5 17. Qc2 d6 18. Ra3 a5 19. Rb3 Qc6 20. Qe2 a4 21. Qb5 Rfc8 22. Qxc6 Rxc6 23. Rb5 h6 24. Ra1 a3 25. Ra2 Nd5 26. Rb3 b5 27. Rxb5 Rca6 28. c4 axb2 29. Raxb2 Ra1+ 30. Rb1 Nc3 31. Rb8+ Kh7 0-1


[Site "https://www.chess.com"]

[Event "Titled Tuesday Blitz February 28 Early 2023"]
[White "Vokhidov, Shamsiddin"]
[Black "Manukyan, Sargis V."]
[WhiteFideId "14204223"]
[BlackFideId "13303465"]
[WhiteElo "2570"]
[BlackElo "2236"]
[Result "1-0"]
[Round "10"]
[TimeControl "180+2"]
[Date "2023.02.28"]
[WhiteClock "0:00:45"]
[BlackClock "0:00:02"]

1. e4 e6 2. d3 d5 3. Nd2 Nf6 4. e5 Nfd7 5. d4 c5 6. c3 Nc6 7. Ndf3 cxd4 8. cxd4 f6 9. exf6 Nxf6 10. Bd3 Bd6 11. Ne2 O-O 12. O-O Bd7 13. Bf4 Bxf4 14. Nxf4 Ne4 15. Qc1 Qf6 16. Ne2 Be8 17. Qe3 Bh5 18. Ne5 Nxe5 19. dxe5 Qxe5 20. Ng3 Bg6 21. Bxe4 dxe4 22. h4 Qxb2 23. Rab1 Qxa2 24. Rxb7 Rf7 25. Rxf7 Bxf7 26. Nxe4 h6 27. Rc1 Qd5 28. Rc5 Qd1+ 29. Kh2 a5 30. Qf4 a4 31. Rc7 Qh5 32. Nd6 Bg6 33. Nc4 Qf5 34. Qd4 Bf7 35. Nd6 Qd5 36. Qf4 e5 37. Qf5 Rf8 38. Nxf7 Rxf7 39. Rc8+ Rf8 40. Rxf8# 1-0


[Site "https://www.chess.com"]

[Event "Titled Tuesday Blitz February 28 Early 2023"]
[White "Bortnyk, Olexandr"]
[Black "Hasangatin, Ramil"]
[WhiteFideId "14120828"]
[BlackFideId "4122160"]
[WhiteElo "2734"]
[BlackElo "2310"]
[Result "1-0"]
[Round "10"]
[TimeControl "180+2"]
[Date "2023.02.28"]
[WhiteClock "0:01:06"]
[BlackClock "0:00:03"]

1. d4 d5 2. Nc3 Nf6 3. Bf4 a6 4. e3 b5 5. a3 e6 6. b4 Nbd7 7. Nf3 Nb6 8. Ne5 Bd6 9. Qf3 Bb7 10. Bd3 Qe7 11. O-O c6 12. e4 dxe4 13. Nxe4 Nxe4 14. Bxe4 Nd5 15. Bxd5 cxd5 16. Nxf7 Qxf7 17. Bxd6 Qxf3 18. gxf3 Kd7 19. Bc5 a5 20. Rfe1 axb4 21. Bxb4 Rhc8 22. Bc5 Ra4 23. Re3 Rc4 24. c3 Ra4 25. Rb1 Ra5 26. f4 g6 27. Rh3 Rh8 28. Kg2 Bc6 29. Re1 Raa8 30. Rh6 Rag8 31. Re3 Rg7 32. Rg3 Rhg8 33. Rgh3 Rh8 34. R3h4 Bb7 35. Rg4 Rhg8 36. Rgh4 Rh8 37. Kf3 Bc8 38. Ke3 Kc6 39. Kd2 Bd7 40. Rg4 Rhg8 41. Rg1 Ra8 42. Rb1 Rf7 43. Ke3 Rg8 44. Rg1 Rgg7 45. h4 Rf5 46. h5 Rgf7 47. hxg6 hxg6 48. Rh4 R5f6 49. Bb4 Be8 50. Rh8 Kd7 51. Rg4 Rg7 52. Bf8 Re7 53. Bxe7 Kxe7 54. Rh7+ Kd6 55. Rg7 Bf7 56. Rh4 Be8 57. Rh8 Bd7 58. Rd8 1-0


[Site "https://www.chess.com"]

[Event "Titled Tuesday Blitz February 28 Early 2023"]
[White "Iskusnyh, Sergei"]
[Black "Andreikin, Dmitry"]
[WhiteFideId "4120027"]
[BlackFideId "4158814"]
[WhiteElo "2492"]
[BlackElo "2736"]
[Result "0-1"]
[Round "10"]
[TimeControl "180+2"]
[Date "2023.02.28"]
[WhiteClock "0:00:14"]
[BlackClock "0:00:09"]

1. d4 d5 2. c4 e6 3. Nf3 a6 4. Nbd2 Nf6 5. g3 c5 6. cxd5 exd5 7. Bg2 Nc6 8. O-O Bg4 9. Ne5 Be6 10. Nxc6 bxc6 11. dxc5 Bxc5 12. Qc2 Bb6 13. Qxc6+ Bd7 14. Qd6 Bb5 15. Qe5+ Qe7 16. Qxe7+ Kxe7 17. a4 Bd7 18. b3 Rhc8 19. Ba3+ Bc5 20. Bb2 Be6 21. Nf3 Rab8 22. Nd4 Bxd4 23. Bxd4 Rxb3 24. a5 Rc2 25. Bf3 Ne4 26. Rfb1 Nd2 27. Rxb3 Nxb3 28. Rd1 Nxd4 29. Rxd4 Rc5 30. Ra4 Kd6 31. Ra1 d4 32. Be4 Bc4 33. Bf3 f5 34. h4 g6 35. Rd1 Ke5 36. Ra1 h6 37. Kg2 g5 38. hxg5 hxg5 39. g4 fxg4 40. Bxg4 Kf4 41. Bf3 g4 42. Bb7 Bxe2 43. Ra4 Ke5 44. Kg3 Rc3+ 45. Kg2 d3 46. Re4+ Kf6 47. Bxa6 Bf3+ 0-1


[Site "https://www.chess.com"]

[Event "Titled Tuesday Blitz February 28 Early 2023"]
[White "Timofeev, Artyom"]
[Black "Csonka, Balazs"]
[WhiteFideId "4140419"]
[BlackFideId "742910"]
[WhiteElo "2586"]
[BlackElo "2404"]
[Result "1-0"]
[Round "10"]
[TimeControl "180+2"]
[Date "2023.02.28"]
[WhiteClock "0:00:18"]
[BlackClock "0:00:04"]

1. c4 c5 2. Nf3 Nc6 3. Nc3 g6 4. g3 Bg7 5. Bg2 d6 6. O-O Bf5 7. h3 e5 8. d3 Nge7 9. a3 O-O 10. Rb1 a5 11. Bd2 h6 12. Ne1 Be6 13. Nd5 Kh7 14. Nc2 f5 15. b4 axb4 16. axb4 b6 17. bxc5 bxc5 18. Nxe7 Nxe7 19. Bxa8 Qxa8 20. Kh2 h5 21. Bg5 Nc6 22. f4 e4 23. dxe4 Bxc4 24. exf5 gxf5 25. Qxd6 Qe8 26. Rf2 Rf7 27. Qxc5 Be6 28. Rb6 Rc7 29. Qd6 Rc8 30. e4 Bf8 31. Qd3 Qf7 32. Rb1 Kg8 33. Re1 fxe4 34. Qxe4 Bf5 35. Qa4 Bc5 36. Rfe2 Qd5 37. Ne3 Bxe3 38. Rxe3 Nd4 39. Re8+ Rxe8 40. Qxe8+ 1-0


[Site "https://www.chess.com"]

[Event "Titled Tuesday Blitz February 28 Early 2023"]
[White "Madaminov, Mukhiddin"]
[Black "Averjanov, Alexey"]
[WhiteFideId "14210703"]
[BlackFideId "14109867"]
[WhiteElo "2511"]
[BlackElo "2669"]
[Result "1-0"]
[Round "10"]
[TimeControl "180+2"]
[Date "2023.02.28"]
[WhiteClock "0:00:06"]
[BlackClock "0:00:04"]

1. d4 d5 2. Nc3 Nf6 3. Bf4 a6 4. e3 e6 5. g4 c5 6. g5 Nfd7 7. Nf3 Nc6 8. h4 b5 9. Ne2 Bb7 10. Ng3 Qb6 11. Bh3 O-O-O 12. O-O c4 13. c3 Be7 14. b3 h6 15. Kg2 hxg5 16. hxg5 Nf8 17. Qc2 Kd7 18. bxc4 dxc4 19. d5 Rxh3 20. dxc6+ Qxc6 21. e4 Ng6 22. Rad1+ Ke8 23. Rxd8+ Bxd8 24. Kxh3 Nxf4+ 25. Kh2 Nd3 26. Kg2 Bb6 27. Ne1 Ne5 28. Rh1 Ke7 29. Qd2 Bc7 30. Nc2 Nd3 31. Nb4 Nxb4 32. cxb4 Bxg3 33. Kxg3 Qxe4 34. Rg1 Qf3+ 35. Kh2 Qh5+ 36. Kg3 Qf3+ 37. Kh4 c3 38. Qe3 Qxe3 39. fxe3 Be4 40. Kg3 e5 41. Kf2 c2 42. Ke2 f5 43. gxf6+ gxf6 44. Kd2 Ke6 45. Rg7 Kd5 46. Rc7 f5 47. a3 f4 48. exf4 exf4 49. Rc5+ Kd4 50. Rc8 f3 51. Rd8+ Kc4 52. Rc8+ Kb3 53. Kc1 Kxa3 54. Re8 Bd3 55. Re3 Kxb4 56. Rxd3 a5 57. Rxf3 a4 58. Kxc2 Ka5 59. Kc3 a3 60. Kb3 b4 61. Rf5+ Kb6 62. Kxb4 a2 63. Ra5 1-0


[Site "https://www.chess.com"]

[Event "Titled Tuesday Blitz February 28 Early 2023"]
[White "Ahmadzada, Ahmad"]
[Black "Dehtiarov, Roman"]
[WhiteFideId "13413007"]
[BlackFideId "14186640"]
[WhiteElo "2388"]
[BlackElo "2162"]
[Result "1-0"]
[Round "10"]
[TimeControl "180+2"]
[Date "2023.02.28"]
[WhiteClock "0:00:08"]
[BlackClock "0:00:13"]

1. Nf3 Nf6 2. g3 d5 3. Bg2 c5 4. O-O Nc6 5. c4 d4 6. e3 e6 7. exd4 cxd4 8. d3 Bc5 9. Re1 O-O 10. Ne5 Bd7 11. Nxd7 Nxd7 12. a3 a5 13. b3 e5 14. Nd2 f6 15. Ne4 Ne7 16. Rb1 Ng6 17. b4 axb4 18. axb4 Be7 19. g4 Nf4 20. Bxf4 exf4 21. Nd2 Ne5 22. Bd5+ Kh8 23. Nf3 Bd6 24. Nxe5 fxe5 25. Qf3 Qh4 26. c5 Bc7 27. Bxb7 Ra2 28. Be4 Qe7 29. Rec1 Bd8 30. b5 Qe8 31. b6 Bh4 32. b7 Qb8 33. c6 Bd8 34. Qh3 h6 35. Qh5 Ra5 36. Qg6 Kg8 37. Ra1 f3 38. Rxa5 Bxa5 39. Ra1 Qd8 40. Qe6+ Kh8 41. Bxf3 Bc7 42. Be4 Qh4 43. f3 Qg5 44. Qg6 Qxg6 45. Bxg6 Kg8 46. Be4 Kf7 47. Ra8 Rb8 48. Bd5+ Ke7 49. Be4 g5 50. Ra6 Kd6 51. Kf1 Rd8 52. Ke2 Bb8 53. Ra5 Kc7 54. Rxe5 Kb6 55. Rf5 Bxh2 56. Rf6 Bb8 57. Rxh6 Bc7 58. Rg6 Bf4 59. Rg7 Rb8 60. Kd1 Rd8 61. Kc2 Rb8 62. Kb3 Rd8 63. Kc4 Rb8 64. Rd7 Re8 65. Kxd4 Be5+ 66. Kc4 Bf4 67. d4 Rh8 68. d5 Ka7 69. d6 Kb6 70. c7 Bxd6 71. Rxd6+ Kxc7 72. Rc6+ Kxb7 73. Rh6+ Kc7 74. Rxh8 Kd6 75. Rg8 Ke5 76. Rxg5+ Kf4 77. Rf5+ Ke3 78. g5 Kf2 79. g6 Ke3 80. g7 Kf2 81. g8=Q Ke3 82. Qg1+ Ke2 83. Bd3+ Kd2 84. Qf2+ Kd1 85. Rh5 Kc1 86. Rh1# 1-0


[Site "https://www.chess.com"]

[Event "Titled Tuesday Blitz February 28 Early 2023"]
[White "Sadubayev, Airat"]
[Black "Drygalov, Sergey"]
[WhiteFideId "13713264"]
[BlackFideId "24171743"]
[WhiteElo "2101"]
[BlackElo "2533"]
[Result "0-1"]
[Round "10"]
[TimeControl "180+2"]
[Date "2023.02.28"]
[WhiteClock "0:00:04"]
[BlackClock "0:01:45"]

1. d4 Nf6 2. c4 e6 3. Nf3 d5 4. g3 dxc4 5. Bg2 Nc6 6. Qa4 Nd7 7. Qxc4 Nb6 8. Qd3 e5 9. Nxe5 Nxe5 10. dxe5 Qxd3 11. exd3 c6 12. Nc3 Bf5 13. Be4 Bxe4 14. Nxe4 O-O-O 15. Ke2 Be7 16. Be3 Rhe8 17. Rac1 f6 18. Bxb6 axb6 19. exf6 gxf6 20. g4 Rd5 21. b3 b5 22. h4 b4 23. h5 Kd7 24. Rh3 Ra5 25. Rc2 Rea8 26. d4 Rxa2 27. Rxa2 Rxa2+ 28. Kd3 Rb2 29. Nd2 f5 30. f4 Bd6 31. Ke3 fxg4 32. Rg3 Rxd2 33. Rxg4 Rb2 34. Rg7+ Ke6 35. Rxh7 Kd5 36. Rxb7 Rxb3+ 37. Kf2 Rh3 38. f5 Rxh5 0-1


[Site "https://www.chess.com"]

[Event "Titled Tuesday Blitz February 28 Early 2023"]
[White "Orlov, Georgi"]
[Black "Bharath Subramaniyam H"]
[WhiteFideId "2011271"]
[BlackFideId "46634827"]
[WhiteElo "2656"]
[BlackElo "2395"]
[Result "0-1"]
[Round "10"]
[TimeControl "180+2"]
[Date "2023.02.28"]
[WhiteClock "0:00:02"]
[BlackClock "0:00:12"]

1. d4 Nf6 2. Nf3 e6 3. c4 c5 4. Nc3 g6 5. e4 cxd4 6. Nxd4 d6 7. Bg5 a6 8. Qd2 Bg7 9. O-O-O O-O 10. Nf3 Nc6 11. Qxd6 Qxd6 12. Rxd6 Ng4 13. Bh4 Nce5 14. Be2 b5 15. cxb5 axb5 16. Bxb5 Nxf3 17. gxf3 Be5 18. Rd3 Bf4+ 19. Kb1 Ne5 20. Rdd1 Nxf3 21. Be7 Bb7 22. Bxf8 Rxf8 23. Rd7 Bc8 24. Ra7 Nxh2 25. Ne2 Bb8 26. Ra8 Bb7 27. Rxb8 Bxe4+ 28. Kc1 Bxh1 29. Rxf8+ Kxf8 30. a4 Ke7 31. a5 Kd6 32. b4 Ng4 33. f4 h5 34. Kd2 h4 35. Ng1 Bg2 36. Be2 h3 37. Nxh3 Bxh3 38. b5 Nf6 39. b6 Bg2 40. a6 Nd7 41. b7 Kc7 42. Bb5 Nc5 43. Ke3 f6 44. Kd4 Nb3+ 45. Kc3 Bd5 46. Bd3 Nc5 47. Bb5 g5 48. fxg5 fxg5 49. Kd4 Ne4 50. Be2 Nf6 51. Ke5 Nd7+ 52. Kd4 Bc6 53. Bg4 e5+ 54. Ke3 Nf6 55. Bf5 g4 56. Kf2 Bd7 57. Bd3 e4 58. Be2 Nd5 59. Kg3 e3 60. Bc4 Nc3 61. Bd3 e2 0-1


[Site "https://www.chess.com"]

[Event "Titled Tuesday Blitz February 28 Early 2023"]
[White "Skvortsov, Andrei"]
[Black "Galchenko, Matvey"]
[WhiteFideId "24108600"]
[BlackFideId "24175480"]
[WhiteElo "2259"]
[BlackElo "2404"]
[Result "1/2-1/2"]
[Round "10"]
[TimeControl "180+2"]
[Date "2023.02.28"]
[WhiteClock "0:00:06"]
[BlackClock "0:00:11"]

1. e4 e6 2. d4 d5 3. exd5 exd5 4. Nf3 Nf6 5. Bd3 c5 6. O-O Nc6 7. Re1+ Be7 8. dxc5 O-O 9. Be3 Ng4 10. Qd2 Nxe3 11. Qxe3 Bf6 12. c3 Bg4 13. Nbd2 a5 14. Qf4 Bh5 15. a4 Rc8 16. Nb3 Qc7 17. Qxc7 Rxc7 18. Nfd4 Ne5 19. Bb5 Ra8 20. f4 Nc4 21. Bxc4 dxc4 22. Nxa5 Be7 23. Nxc4 Bxc5 24. Ne3 Rd8 25. g4 Bg6 26. f5 Bxd4 27. cxd4 Rxd4 28. fxg6 hxg6 29. Rad1 Rxa4 30. Rd2 Re4 31. Kf2 Rc6 32. Kf3 Re8 33. Ng2 Rec8 34. Rde2 Kf8 35. Re3 Rf6+ 36. Kg3 Rb6 37. R1e2 g5 38. h4 gxh4+ 39. Nxh4 g6 40. Nf3 Rc7 41. Rc3 Rd7 42. Rec2 Kg7 43. Kf4 Rdd6 44. Rc4 Rf6+ 45. Kg3 Rb3 46. R4c3 Rb4 47. Rd3 Rff4 48. Nh2 Rf6 49. Rf3 Rfb6 50. Rc7 Rxb2 51. Rcxf7+ Kh6 52. Re7 R2b3 53. Rxb3 Rxb3+ 54. Nf3 g5 55. Re6+ Kg7 56. Re5 Kh6 57. Kg2 Rb4 58. Kg3 Rb3 59. Rd5 Rc3 60. Kf2 Rc4 61. Rxg5 Rf4 62. Rf5 Rxg4 63. Ke3 Ra4 64. Rf7 Rb4 65. Ne5 Kg5 66. Nd3 Rb3 67. Ke4 Kg6 68. Rf1 Rb6 69. Ne5+ Kg7 70. Kd5 Rb5+ 71. Ke6 Rb6+ 72. Ke7 Rb2 73. Rg1+ Kh6 74. Ke6 b5 75. Kf5 Rf2+ 76. Ke4 Re2+ 77. Kf4 Rf2+ 78. Ke3 Ra2 79. Ke4 Re2+ 80. Kd5 b4 81. Nd3 b3 82. Nf4 Rd2+ 83. Ke4 b2 84. Rb1 Kg7 85. Ke3 Rh2 86. Nd3 Kf6 87. Nf2 Ke6 88. Rxb2 Rh8 89. Rb6+ Kd5 90. Rg6 Re8+ 91. Kd3 Ra8 92. Nd1 Ke5 93. Nc3 Kf5 94. Rc6 Rd8+ 95. Ke3 Ke5 96. Ne2 Ra8 97. Nc3 Rh8 98. Kd2 Rh2+ 99. Ne2 Kd5 100. Rc8 Ke5 101. Ke3 Rh3+ 102. Kf2 Rh2+ 103. Kf3 Rh3+ 104. Ng3 Rh7 105. Rc5+ Kd4 106. Ra5 Rf7+ 107. Nf5+ Kc3 108. Rd5 Kc4 109. Ra5 Kb4 110. Re5 Rf8 111. Ke4 Kc4 112. Re7 Rh8 113. Rc7+ Kb4 114. Nd4 Rh4+ 115. Ke3 Rh3+ 116. Kd2 Rh2+ 117. Ne2 Kb5 118. Rc1 Kb6 119. Kd3 Rh3+ 120. Kc4 Rh8 121. Kd5 Rd8+ 122. Ke4 Re8+ 123. Kd3 Rh8 124. Nd4 Rg8 125. Rc6+ Kb7 126. Rf6 Rc8 127. Ke4 Re8+ 128. Kd5 Rd8+ 129. Kc5 Rc8+ 130. Nc6 Rc7 131. Kb5 Rh7 132. Rf5 Kc7 133. Kc5 Kd7 134. Nd4 Ke7 135. Kd5 Rh1 136. Nc6+ Ke8 137. Rg5 Kf7 138. Ne5+ 1/2-1/2


[Site "https://www.chess.com"]

[Event "Titled Tuesday Blitz February 28 Early 2023"]
[White "Al-Tarboush, Ward"]
[Black "Sasikiran, Krishnan"]
[WhiteFideId "7601450"]
[BlackFideId "5004985"]
[WhiteElo "2267"]
[BlackElo "2567"]
[Result "1-0"]
[Round "10"]
[TimeControl "180+2"]
[Date "2023.02.28"]
[WhiteClock "0:00:06"]
[BlackClock "0:00:33"]

1. e4 c5 2. Nf3 d6 3. d4 cxd4 4. Nxd4 Nf6 5. Nc3 a6 6. h3 e5 7. Nde2 h5 8. Bg5 Be6 9. g3 Nbd7 10. a4 Be7 11. Bg2 Rc8 12. O-O Nh7 13. Bxe7 Qxe7 14. Qd2 h4 15. g4 O-O 16. Rad1 Rc6 17. f4 Bc4 18. f5 Qg5 19. b3 Bxe2 20. Nxe2 Qxd2 21. Rxd2 b5 22. axb5 axb5 23. Rfd1 Ndf6 24. Kf2 Ng5 25. Ke3 Rd8 26. c3 Ra6 27. Nc1 Kf8 28. Nd3 Rc8 29. Rc1 Ra3 30. Rb2 Nd7 31. Bf1 g6 32. Rcc2 Ra1 33. Nc1 Nc5 34. Bxb5 Nxh3 35. b4 Na4 36. Bxa4 Rxa4 37. Nd3 Ng5 38. c4 Ra3 39. b5 h3 40. b6 Rb8 41. b7 Ra7 42. c5 dxc5 43. Nxc5 Ra3+ 44. Kf2 Ke8 45. Na6 Rxa6 46. Rc8+ Ke7 47. Rxb8 Ra1 48. Re8+ Kxe8 49. b8=Q+ Ke7 50. Rb7+ Kf6 51. Qh8# 1-0


[Site "https://www.chess.com"]

[Event "Titled Tuesday Blitz February 28 Early 2023"]
[White "Mamedov, Edgar"]
[Black "Drygalov, Andrey"]
[WhiteFideId "13739980"]
[BlackFideId "24171735"]
[WhiteElo "2330"]
[BlackElo "2471"]
[Result "0-1"]
[Round "10"]
[TimeControl "180+2"]
[Date "2023.02.28"]
[WhiteClock "0:00:17"]
[BlackClock "0:01:07"]

1. d4 Nf6 2. Bg5 d5 3. e3 c5 4. Bxf6 gxf6 5. dxc5 e6 6. Nf3 Bxc5 7. c4 dxc4 8. Nbd2 Nc6 9. Bxc4 O-O 10. O-O f5 11. e4 Qf6 12. exf5 Qxf5 13. Re1 Rd8 14. Qb1 Qxb1 15. Raxb1 Be7 16. a3 b6 17. b4 Bb7 18. Ne4 Nd4 19. Rbd1 Nc2 20. Ng3 Nxe1 21. Rxe1 Rac8 22. Ba2 Bxf3 23. gxf3 Rc3 24. Kg2 Rxa3 25. Bb1 Bxb4 26. Re4 Bc5 27. Rg4+ Kf8 28. Bxh7 Ra2 29. Ne4 Ke7 30. h4 Bxf2 31. h5 Bd4+ 32. Kh3 f5 33. Rf4 Be5 34. Rh4 Rh2# 0-1


[Site "https://www.chess.com"]

[Event "Titled Tuesday Blitz February 28 Early 2023"]
[White "Lagno, Kateryna"]
[Black "Martynov, Pavel"]
[WhiteFideId "14109336"]
[BlackFideId "4101260"]
[WhiteElo "2508"]
[BlackElo "2314"]
[Result "0-1"]
[Round "10"]
[TimeControl "180+2"]
[Date "2023.02.28"]
[WhiteClock "0:00:29"]
[BlackClock "0:00:14"]

1. e4 c5 2. Nf3 e6 3. d4 cxd4 4. Nxd4 Nc6 5. Nc3 Qc7 6. Be2 a6 7. Be3 Nf6 8. O-O Bb4 9. Na4 O-O 10. c4 Bd6 11. g3 Nxe4 12. Rc1 f5 13. c5 Be5 14. f3 Nxg3 15. Nxc6 Nxe2+ 16. Qxe2 bxc6 17. f4 Bf6 18. Nb6 Ra7 19. Qc4 a5 20. Rfd1 Rf7 21. Rd2 Ba6 22. Qc2 g5 23. fxg5 Rg7 24. Rg2 Be5 25. h4 f4 26. Bf2 f3 27. Rg4 Be2 28. Qe4 a4 29. Nc4 Bxc4 30. Rxc4 Rb7 31. Rxa4 Rxb2 32. Ra8+ Rb8 33. Rxb8+ Qxb8 34. Qxf3 Qb1+ 35. Kg2 Qxa2 36. Qe4 Qd5 37. Be3 h5 38. Qxd5 exd5 39. Ra4 Kf7 40. Bf4 Ke6 41. Kg3 Rf7 42. Bxe5 Kxe5 43. Ra8 d4 44. Rh8 d3 45. Rxh5 d2 46. g6+ Rf5 0-1


[Site "https://www.chess.com"]

[Event "Titled Tuesday Blitz February 28 Early 2023"]
[White "Poliakova, Varvara"]
[Black "Mikhailovsky, Vladimir"]
[WhiteFideId "13518313"]
[BlackFideId "34105414"]
[WhiteElo "2075"]
[BlackElo "2282"]
[Result "0-1"]
[Round "10"]
[TimeControl "180+2"]
[Date "2023.02.28"]
[WhiteClock "0:00:06"]
[BlackClock "0:00:16"]

1. e4 Nf6 2. e5 Nd5 3. c4 Nb6 4. d4 d6 5. exd6 exd6 6. Nc3 Be7 7. Be3 O-O 8. Bd3 Nc6 9. Nge2 Nb4 10. b3 Nxd3+ 11. Qxd3 Bg4 12. Nf4 Qd7 13. O-O Bf5 14. Qd2 Rfe8 15. d5 Bf6 16. Bd4 Bxd4 17. Qxd4 Re5 18. Nd3 Re7 19. Rfe1 Rae8 20. Kf1 Bg6 21. Nf4 Qf5 22. Nxg6 hxg6 23. a4 a6 24. f3 Nd7 25. Rxe7 Rxe7 26. Ne4 Qf4 27. Re1 Kf8 28. Qa7 Qxh2 29. Qxb7 Nc5 30. Qc8+ Re8 31. Qh3 Qxh3 32. gxh3 Nxb3 33. Rb1 Rxe4 34. Rxb3 Rxc4 35. Rb7 Ke7 36. Ra7 Kd7 37. Rxa6 Rc5 38. Ra8 Rxd5 39. a5 Rd2 40. Rf8 Ke7 41. Rc8 c5 42. Rc7+ Ke6 43. a6 Ra2 44. a7 g5 45. Ke1 g6 46. Kd1 f5 47. Kc1 Ke5 48. Kb1 Ra6 49. Kb2 Kf4 50. Rg7 Kxf3 51. Rxg6 g4 52. hxg4 fxg4 53. Rxd6 Rxa7 54. Rf6+ Ke4 55. Re6+ Kf5 56. Re8 Rg7 57. Re1 g3 58. Rg1 g2 59. Kc2 Kf4 60. Kd2 Kf3 0-1


[Site "https://www.chess.com"]

[Event "Titled Tuesday Blitz February 28 Early 2023"]
[White "Real_OceanStorm"]
[Black "Shapiro, Viktor"]
[BlackFideId "4175700"]
[WhiteElo "2772"]
[BlackElo "2132"]
[Result "1-0"]
[Round "10"]
[TimeControl "180+2"]
[Date "2023.02.28"]
[WhiteClock "0:00:04"]
[BlackClock "0:00:06"]

1. d4 Nf6 2. Nf3 e6 3. c4 c5 4. e3 b6 5. Nc3 Bb7 6. Be2 cxd4 7. exd4 Bb4 8. O-O O-O 9. Qb3 a5 10. Bg5 Nc6 11. d5 Ne7 12. Bxf6 gxf6 13. a3 Bxc3 14. Qxc3 Ng6 15. Rfd1 Nf4 16. Bf1 exd5 17. Nh4 f5 18. Qg3+ Ng6 19. Nxf5 Qf6 20. Nd6 Bc6 21. cxd5 Ba4 22. Rd3 Qxb2 23. Re1 b5 24. Rf3 Ra6 25. Re7 Bc2 26. Rxd7 Rb6 27. Nxf7 Rf6 28. Qc7 Rxf3 29. Nh6+ Kh8 30. Rxh7# 1-0


[Site "https://www.chess.com"]

[Event "Titled Tuesday Blitz February 28 Early 2023"]
[White "Hambleton, Aman"]
[Black "Demin, Vladimir"]
[WhiteFideId "2606577"]
[BlackFideId "4167457"]
[WhiteElo "2511"]
[BlackElo "2594"]
[Result "0-1"]
[Round "10"]
[TimeControl "180+2"]
[Date "2023.02.28"]
[WhiteClock "0:00:01"]
[BlackClock "0:00:32"]

1. d4 d5 2. Bf4 c5 3. e3 Nf6 4. c3 Nc6 5. Nd2 Bf5 6. Qb3 Qc8 7. Ngf3 e6 8. Be2 c4 9. Qd1 h6 10. O-O Be7 11. b3 b5 12. Ne5 O-O 13. bxc4 bxc4 14. Qa4 Nxe5 15. Bxe5 Nd7 16. Bg3 Nb6 17. Qa5 Qd7 18. Bd1 Rfc8 19. Re1 Bd3 20. Nf3 f6 21. h3 Bd6 22. Bxd6 Qxd6 23. Nd2 e5 24. Nf3 Rc7 25. Rc1 Rb8 26. Be2 Nd7 27. Bd1 Rcb7 28. dxe5 fxe5 29. Nd2 Nc5 30. Qa3 Bg6 31. Be2 Qc6 32. Nf3 Re8 33. Rcd1 Bd3 34. Bxd3 Nxd3 35. Re2 Qg6 36. Nd2 Rb2 0-1


[Site "https://www.chess.com"]